Map: Black Site 2E

Players

Javlin

  • Race: Zerg Zerg
  • Spawn Location: 3:00

imreallybad

  • Race: Protoss Protoss
  • League: Diamond
  • Spawn Location: 6:00

pinkPig

  • Race: Zerg Zerg
  • Spawn Location: 5:00

Freak - Winner!

  • Race: Protoss Protoss
  • Spawn Location: 12:00

kaiserIV - Winner!

  • Race: Protoss Protoss
  • League: Diamond
  • Spawn Location: 11:00

RastaMon - Winner!

  • Race: Protoss Protoss
  • League: Diamond
  • Spawn Location: 9:00

VOD

Have the link to the VOD?

Description

Time

  • Played on: May 3, 2019, 10:44 p.m.
  • Length: 20:51
Show
View Real Time Build Order
Export as new Build Order

Javlin Zerg 

Build Orders: Hatch First, Brood Lord Corruptor 

Get SALT Encoding   

  12  0:01  Drone  
  13  0:09  Overlord  
  13  0:13  Drone  
  14  0:19  Extractor  
  14  0:20  Drone  
  15  0:28  Drone  
  16  0:34  Drone  
  17  0:49  Hatchery  
  16  0:51  Drone  
  16  0:56  Drone  
  18  1:01  Extractor  
  17  1:04  Spawning Pool  
  17  1:07  Drone  
  17  1:17  Drone  
  18  1:29  Drone  
  18  1:30  Hatchery  
  18  1:39  Drone  
  19  1:51  Drone, Queen  
  22  2:00  Queen  
  24  2:02  Zergling x4  
  24  2:04  Metabolic Boost  
  26  2:12  Overlord  
  26  2:15  Drone  
  27  2:21  Drone  
  28  2:31  Drone  
  28  2:34  Lair  
  29  2:41  Queen  
  31  2:44  Drone  
  31  2:45  Drone x4  
  36  2:55  Zergling x2  
  36  2:56  Zergling x4  
  38  3:02  Queen  
  40  3:05  Overlord  
  36  3:24  Overlord  
  36  3:25  Zergling x2  
  36  3:26  Zergling x14  
  44  3:35  Extractor  
  41  3:46  Drone x3  
  40  4:02  Spire  
  39  4:06  Drone x8  
  47  4:15  Overlord  
  47  4:17  Drone x3  
  50  4:26  Drone x3  
  53  4:33  Overlord  
  53  4:40  Spore Crawler  
  53  4:42  Spore Crawler  
  53  4:45  Drone x7  
  52  4:53  Drone x6  
  55  5:03  Queen  
  55  5:04  Extractor  
  55  5:06  Drone x5, Extractor  
  58  5:18  Corruptor  
  58  5:19  Corruptor x2  
  64  5:23  Corruptor x2  
  68  5:29  Drone x5  
  73  5:37  Zergling x2  
  73  5:38  Evolution Chamber  
  73  5:39  Overlord x2  
  73  5:45  Extractor x2  
  73  5:48  Spine Crawler  
  65  6:07  Corruptor x3  
  65  6:08  Corruptor x3  
  65  6:10  Overlord x2  
  77  6:16  Overseer  
  77  6:17  Pneumatized Carapace  
  77  6:20  Drone x5  
  77  6:23  Drone  
  83  6:33  Corruptor  
  85  6:42  Drone x6  
  91  6:48  Drone  
  91  6:52  Drone x3  
  93  6:58  Zerg Melee Weapons Level 1  
  92  7:03  Corruptor  
  92  7:04  Corruptor x4  
  92  7:07  Overlord x2  
  102  7:12  Infestation Pit  
  103  7:30  Hatchery  
  103  7:32  Overlord x2, Corruptor x3  
  106  7:43  Overlord, Corruptor x3  
  110  7:48  Drone  
  110  7:49  Drone x4  
  110  7:51  Drone  
  118  7:52  Drone  
  118  7:53  Drone  
  118  7:54  Drone  
  121  7:59  Hive  
  121  8:05  Drone x5  
  126  8:15  Drone x4  
  128  8:26  Extractor  
  127  8:29  Overlord x2  
  127  8:30  Extractor  
  124  8:48  Corruptor x5  
  124  8:51  Overlord x2  
  124  8:52  Overlord x2  
  128  9:03  Zergling x14  
  128  9:04  Zergling x2  
  128  9:07  Zerg Melee Weapons Level 2  
  136  9:14  Greater Spire  
  136  9:15  Adrenal Glands  
  117  9:38  Zergling x2  
  117  9:39  Zergling x18  
  116  9:56  Zergling x20  
  115  10:09  Drone x9  
  123  10:22  Drone x7, Queen  
  132  10:30  Overseer  
  132  10:31  Queen  
  132  10:32  Brood Lord  
  132  10:33  Brood Lord x8  
  132  10:34  Brood Lord  
  154  10:48  Extractor x2  
  152  10:56  Corruptor  
  152  10:57  Corruptor x3  
  160  11:06  Overlord x2  
  160  11:08  Drone x2  
  162  11:11  Hatchery  
  162  11:13  Extractor x2  
  162  11:14  Spine Crawler  
  158  11:22  Corruptor x2  
  158  11:23  Corruptor x3  
  166  11:28  Drone  
  166  11:29  Drone x2  
  166  11:30  Drone x3  
  172  11:40  Spine Crawler  
  166  11:54  Hatchery  
  166  11:59  Corruptor  
  166  12:00  Corruptor x8  
  133  12:16  Corruptor x4  
  140  12:28  Zergling x2  
  140  12:29  Zergling x26  
  148  12:57  Brood Lord x4, Hatchery, Corruptor  
  148  12:58  Extractor, Corruptor x3  
  157  13:02  Zergling x2  
  157  13:03  Zergling x14  
  170  13:15  Extractor  
  167  13:26  Corruptor x5  
  167  13:27  Corruptor x2  
  157  13:39  Zergling x14  
  130  14:09  Corruptor  
  115  14:10  Corruptor x10  
  135  14:19  Viper  
  86  14:58  Hatchery, Viper x2  
  86  14:59  Viper  
  86  15:01  Corruptor  
  86  15:02  Extractor, Corruptor  
  89  15:15  Extractor, Hatchery  
  89  15:17  Drone x3  
  89  15:19  Extractor  
  89  15:23  Corruptor x3  
  89  15:24  Corruptor  
  74  15:38  Corruptor x3  
  74  15:52  Drone x5  
  79  16:04  Extractor  
  79  16:05  Extractor  
  79  16:09  Drone x4  
  81  16:22  Drone x2  
  81  16:23  Drone  
  81  16:24  Drone x3  
  81  16:25  Queen  
  89  16:28  Hatchery  
  89  16:31  Viper x2  
  89  16:32  Viper  
  97  16:53  Drone x9  
  104  17:19  Corruptor x4  
  112  17:31  Corruptor  
  112  17:32  Corruptor  
Show
View Real Time Build Order
Export as new Build Order

imreallybad Protoss 

Build Orders:  

Get SALT Encoding   

  12  0:15  Probe  
  12  0:20  Pylon  
  13  0:27  Probe  
  13  0:35  Probe  
  15  0:44  Probe  
  16  0:56  Probe  
  17  1:00  Forge  
  17  1:16  Pylon  
  17  1:21  Pylon  
  17  1:28  Probe  
  18  1:36  Probe  
  18  1:42  Photon Cannon  
  18  1:45  Probe  
  19  1:47  Assimilator  
  19  1:53  Assimilator  
  20  1:58  Probe  
  20  1:59  Photon Cannon  
  20  2:00  Assimilator  
  21  2:03  Assimilator  
  21  2:10  Probe  
  22  2:22  Probe  
  23  2:35  Probe  
  23  2:49  Gateway  
  22  3:36  Probe  
  22  3:38  Cybernetics Core  
  23  3:42  Pylon  
  23  4:39  Warp Gate  
  23  5:14  Probe  
  24  5:29  Assimilator  
  24  5:35  Assimilator  
  24  6:06  Pylon  
  24  6:07  Assimilator  
  24  6:12  Assimilator  
  24  6:27  Photon Cannon  
  24  6:29  Shield Battery  
  24  6:32  Robotics Facility  
  24  6:34  Robotics Facility  
  24  6:50  Pylon  
  24  6:57  Protoss Ground Weapons Level 1  
  22  7:14  Pylon  
  22  7:35  Photon Cannon  
  22  7:41  Photon Cannon  
  19  7:52  Probe  
  14  8:00  Probe  
  13  8:07  Pylon  
  13  8:09  Assimilator  
  13  8:10  Probe  
  13  8:11  Assimilator  
  13  8:16  Pylon  
  14  8:29  Photon Cannon  
  14  8:32  Photon Cannon  
  14  8:33  Shield Battery  
  14  8:59  Immortal  
  14  9:01  Immortal  
  22  9:10  Forge, Twilight Council  
  22  9:12  Robotics Facility x2  
  22  9:42  Immortal x2  
  30  10:10  Immortal x2  
  30  10:12  Protoss Ground Armor Level 1  
  30  10:14  Robotics Bay  
  38  10:17  Protoss Ground Weapons Level 2  
  38  10:19  Pylon  
  38  10:21  Immortal x2  
  46  10:22  Pylon x3  
  46  10:23  Pylon  
  46  10:25  Pylon x2  
  46  10:26  Pylon  
  46  10:27  Pylon  
  46  10:31  Pylon  
  46  10:46  Probe, Pylon  
  46  10:48  Pylon  
  47  10:53  Immortal x2  
  55  10:59  Probe  
  56  11:11  Probe  
  57  11:16  Immortal  
  57  11:17  Immortal  
  65  11:25  Extended Thermal Lance  
  65  11:32  Immortal x2  
  73  11:45  Pylon  
  73  11:47  Pylon x2  
  73  11:48  Pylon x2  
  73  11:50  Pylon  
  73  11:55  Colossus x2  
  77  12:27  Colossus  
  77  12:28  Colossus  
  81  12:48  Colossus  
  83  13:27  Protoss Ground Armor Level 2  
  83  13:29  Protoss Ground Weapons Level 3  
  60  15:50  Immortal x2  
  60  15:51  Immortal x2  
  76  15:59  Gateway  
  76  16:01  Gateway  
  76  16:02  Gateway  
  76  16:03  Gateway  
  76  16:04  Gateway x2  
  76  16:06  Gateway  
  76  16:11  Protoss Ground Armor Level 3  
  76  16:13  Protoss Shields Level 1  
  32  17:03  Templar Archives  
  32  17:08  Pylon  
  32  17:10  Pylon  
  32  17:43  Stalker x3  
  32  17:44  Stalker x5  
  26  19:00  Colossus x2  
  42  19:07  High Templar x4  
  42  19:08  High Templar x4  
  58  19:22  Archon x3  
  58  19:23  Archon  
Show
View Real Time Build Order
Export as new Build Order

pinkPig Zerg 

Build Orders: Hatch First 

Get SALT Encoding   

  12  0:01  Drone  
  12  0:07  Drone  
  14  0:12  Overlord  
  14  0:30  Drone x2  
  14  0:34  Drone  
  17  0:48  Drone, Hatchery  
  17  1:00  Drone  
  18  1:09  Spawning Pool  
  18  1:10  Drone  
  18  1:17  Drone  
  19  1:28  Drone  
  20  1:50  Drone x2  
  22  2:09  Drone x2  
  22  2:13  Drone x2  
  22  2:14  Queen  
  28  2:30  Overlord x2  
  28  2:32  Queen, Extractor  
  28  2:33  Extractor  
  30  2:49  Drone x4  
  30  2:50  Metabolic Boost  
  34  3:02  Hatchery  
  33  3:08  Zergling x8  
  37  3:16  Zergling x4  
  37  3:17  Lair  
  39  3:21  Queen  
  39  3:24  Zergling x4  
  41  3:49  Drone  
  41  3:50  Drone x2  
  41  3:51  Overlord x2  
  44  4:06  Spore Crawler  
  44  4:07  Spore Crawler  
  44  4:09  Drone x7  
  49  4:10  Drone  
  49  4:15  Drone  
  51  4:21  Drone x2  
  51  4:22  Drone, Evolution Chamber x2  
  52  4:24  Drone  
  52  4:28  Drone x2  
  55  4:36  Drone  
  55  4:37  Drone x5  
  56  5:00  Zerg Melee Weapons Level 1  
  56  5:01  Zerg Ground Armor Level 1  
  56  5:03  Drone  
  56  5:05  Extractor, Infestation Pit  
  56  5:06  Extractor  
  54  5:07  Drone x2  
  54  5:08  Drone x4  
  54  5:09  Drone x5  
  54  5:10  Overlord  
  54  5:11  Overlord x2  
  65  5:32  Drone x3  
  65  5:33  Drone  
  65  5:34  Drone x2  
  71  5:36  Drone x2  
  71  5:37  Drone  
  71  5:40  Hatchery  
  73  5:44  Pathogen Glands, Hive  
  73  5:48  Drone  
  74  5:52  Queen  
  74  5:55  Hatchery  
  75  6:00  Drone x7  
  82  6:08  Overlord x2  
  82  6:18  Drone  
  83  6:20  Drone x6  
  83  6:22  Overlord x2  
  89  6:42  Infestor, Overseer  
  89  6:43  Infestor x5  
  89  6:44  Infestor  
  103  7:01  Infestor x3  
  109  7:18  Adrenal Glands  
  109  7:19  Zerg Melee Weapons Level 2  
  109  7:21  Overlord x4  
  109  7:26  Drone  
  109  7:27  Drone x2  
  109  7:28  Drone x8  
  120  7:48  Hatchery  
  120  7:50  Zerg Ground Armor Level 2  
  120  7:51  Zergling x8  
  120  7:52  Zergling x16  
  131  8:08  Spore Crawler  
  131  8:09  Spore Crawler  
  131  8:10  Drone x3  
  131  8:11  Drone x3  
  135  8:18  Ultralisk Cavern  
  135  8:19  Overlord x5  
  134  8:22  Zergling x18  
  134  8:23  Zergling x4  
  134  8:27  Pneumatized Carapace, Burrow  
  137  8:52  Drone x11  
  144  9:22  Drone  
  145  9:25  Drone x3, Spine Crawler x2  
  146  9:35  Zergling x2  
  146  9:36  Zergling x46  
  170  9:41  Extractor, Hatchery  
  170  9:44  Extractor  
  151  10:32  Spore Crawler  
  151  10:34  Drone  
  151  10:35  Drone x12  
  163  10:57  Drone  
  163  10:58  Drone  
  163  10:59  Drone x3, Spore Crawler  
  163  11:00  Drone  
  163  11:04  Spore Crawler  
  167  11:06  Zerg Melee Weapons Level 3, Chitinous Plating, Zerg Ground Armor Level 3  
  167  11:47  Infestor x2  
  167  11:48  Infestor x7  
  170  12:15  Infestor x13  
  157  12:25  Anabolic Synthesis  
  149  12:44  Infestor x3  
  149  12:46  Ultralisk  
  149  12:47  Ultralisk x6  
  149  12:48  Zergling x6  
  199  12:56  Spore Crawler  
  199  12:57  Spore Crawler  
  199  12:58  Infestor  
  199  13:03  Spire x2  
  197  13:31  Infestor x8  
  197  13:32  Infestor x5  
  198  13:34  Zergling x4  
  190  14:11  Zergling x2  
  190  14:12  Zergling x16  
  199  14:25  Zerg Flyer Weapons Level 1, Zerg Flyer Armor Level 1  
  179  14:50  Corruptor x9  
  179  14:51  Corruptor x4  
  194  15:01  Overlord x3  
  194  15:02  Overseer x4  
  194  15:17  Hatchery  
  191  15:29  Corruptor  
  191  15:30  Corruptor x3  
  191  15:32  Hatchery  
  191  15:34  Extractor  
  191  15:35  Extractor  
  196  15:37  Extractor  
  194  15:46  Corruptor x2  
  128  16:43  Corruptor  
  128  16:44  Corruptor x27  
  128  16:45  Corruptor  
  184  16:48  Zerg Flyer Armor Level 2, Zerg Flyer Weapons Level 2  
  184  17:07  Ultralisk x2  
  196  17:09  Zergling x2  
  196  17:10  Zergling x6  
  200  17:25  Zergling x2  
  200  17:26  Zergling x8  
  200  17:28  Infestor  
  200  17:29  Infestor x3  
  198  17:36  Zergling x2  
  199  18:04  Hatchery  
  197  18:06  Hatchery  
  157  18:31  Infestor x3  
  157  18:32  Infestor x7  
  173  18:35  Zergling x2  
  173  18:36  Zergling x28  
  144  20:05  Ultralisk x9  
  144  20:06  Zergling x2  
  194  20:07  Zergling x10  
Show
View Real Time Build Order
Export as new Build Order

Freak Protoss - Winner!

Build Orders: Oracle Opening 

Get SALT Encoding   

  12  0:00  Probe  
  13  0:13  Probe  
  14  0:21  Pylon  
  14  0:25  Probe  
  15  0:35  Probe  
  15  0:42  Gateway  
  16  0:47  Probe  
  17  0:51  Assimilator  
  17  0:59  Probe  
  17  1:01  Assimilator  
  18  1:11  Probe  
  18  1:16  Gateway  
  19  1:24  Probe  
  20  1:29  Cybernetics Core  
  20  1:36  Pylon, Probe  
  21  1:48  Probe  
  22  1:56  Adept x2  
  26  2:11  Probe  
  26  2:12  Pylon  
  26  2:14  Warp Gate  
  27  2:25  Adept x2  
  31  2:38  Stargate  
  31  2:50  Probe  
  32  3:02  Probe  
  33  3:14  Probe  
  34  3:26  Probe  
  31  3:35  Oracle  
  31  3:38  Probe  
  35  3:46  Probe  
  35  3:54  Probe  
  32  3:57  Nexus  
  33  4:05  Probe  
  34  4:12  Adept  
  34  4:13  Adept  
  38  4:19  Probe  
  39  4:25  Shield Battery  
  39  4:34  Pylon  
  39  4:37  Probe  
  37  4:52  Adept x2  
  35  4:54  Oracle  
  30  5:06  Probe  
  33  5:08  Probe  
  34  5:16  Probe  
  34  5:18  Probe  
  36  5:27  Phoenix  
  36  5:30  Probe  
  36  5:31  Probe  
  40  5:35  Stargate  
  40  5:42  Probe  
  41  5:43  Probe  
  42  5:54  Probe  
  43  6:02  Phoenix  
  39  6:09  Probe x2  
  39  6:11  Assimilator  
  43  6:12  Phoenix  
  43  6:13  Assimilator  
  43  6:15  Pylon  
  43  6:20  Fleet Beacon  
  43  6:21  Probe  
  43  6:23  Probe  
  47  6:28  Pylon  
  47  6:33  Probe  
  47  6:34  Stalker  
  50  6:46  Stalker  
  50  7:09  Probe  
  50  7:10  Probe  
  50  7:12  Phoenix x2  
  56  7:17  Probe  
  56  7:20  Anion Pulse-Crystals  
  56  7:22  Probe  
  58  7:25  Forge, Probe  
  58  7:27  Stalker  
  61  7:30  Stalker  
  63  7:38  Probe x2  
  65  7:51  Probe x2  
  66  8:23  Nexus  
  64  8:27  Stargate  
  64  8:29  Pylon  
  64  8:30  Nexus  
  64  8:39  Photon Cannon  
  64  8:41  Photon Cannon  
  64  8:46  Stargate  
  64  8:47  Void Ray, Probe  
  69  8:56  Adept  
  69  9:01  Pylon  
  71  9:08  Protoss Air Weapons Level 1  
  71  9:09  Void Ray  
  71  9:19  Probe  
  76  9:31  Probe  
  77  9:43  Probe  
  77  9:45  Adept  
  80  9:54  Void Ray x2  
  80  9:55  Probe  
  89  10:02  Probe  
  89  10:03  Probe  
  91  10:07  Probe  
  92  10:14  Void Ray  
  86  10:26  Void Ray  
  88  10:28  Probe  
  88  10:31  Assimilator  
  88  10:32  Pylon  
  88  10:33  Void Ray, Assimilator  
  97  10:49  Void Ray  
  97  10:59  Stargate  
  97  11:03  Stargate  
  101  11:08  Pylon x2  
  101  11:10  Pylon  
  101  11:27  Protoss Air Weapons Level 2  
  101  11:32  Photon Cannon  
  101  11:35  Photon Cannon  
  101  11:37  Photon Cannon  
  101  11:42  Void Ray, Photon Cannon x2  
  101  11:44  Photon Cannon  
  101  12:12  Void Ray x2  
  101  12:14  Zealot x2  
  101  12:22  Void Ray x2  
  109  12:52  Void Ray  
  109  12:56  Nexus  
  109  12:57  Assimilator  
  109  12:58  Pylon  
  109  13:02  Pylon  
  109  13:03  Assimilator  
  113  13:31  Void Ray x3  
  117  14:08  Robotics Facility  
  117  14:09  Probe x2  
  120  14:10  Probe  
  112  14:21  Probe  
  112  14:22  Probe  
  98  14:41  Void Ray x4  
  94  14:49  Void Ray  
  114  14:59  Mothership  
  110  15:12  Probe x2  
  120  15:24  Probe  
  120  15:25  Void Ray x2  
  121  15:32  Void Ray  
  129  15:52  Void Ray x2  
  133  16:06  Nexus  
  133  16:12  Pylon  
  123  16:33  Observer  
  124  16:47  Probe x2  
  124  16:53  Void Ray, Probe  
  139  16:58  Protoss Air Weapons Level 3  
  139  16:59  Probe x2  
  133  17:03  Observer  
  133  17:06  Void Ray x2  
  142  17:17  Probe x3  
  142  17:22  Observer  
  145  17:28  Void Ray, Assimilator  
  150  17:31  Assimilator  
  150  17:33  Pylon  
  150  17:35  Pylon  
  150  17:41  Protoss Shields Level 1  
  146  18:32  Void Ray x3  
  158  18:42  Void Ray x2  
  158  18:47  Pylon  
  166  18:49  Pylon  
  166  18:51  Pylon  
  166  18:53  Pylon  
  162  19:15  Void Ray  
  162  19:27  Photon Cannon  
  162  19:28  Photon Cannon  
  162  19:30  Photon Cannon  
  162  19:32  Photon Cannon  
  162  19:33  Photon Cannon  
  162  19:34  Photon Cannon  
  162  19:35  Photon Cannon  
  162  19:37  Pylon  
  162  19:39  Pylon  
  162  19:41  Pylon  
  162  19:44  Carrier, Photon Cannon  
  162  19:46  Twilight Council, Shield Battery  
  143  20:23  Zealot  
  143  20:24  Zealot  
  147  20:31  Nexus  
  147  20:35  Assimilator  
  147  20:39  Assimilator  
  147  20:41  Pylon  
  147  20:44  Pylon  
Show
View Real Time Build Order
Export as new Build Order

kaiserIV Protoss - Winner!

Build Orders:  

Get SALT Encoding   

  12  0:02  Probe  
  14  0:14  Probe  
  14  0:19  Pylon  
  14  0:26  Probe  
  15  0:35  Probe  
  15  0:39  Gateway  
  16  0:43  Probe  
  17  0:50  Assimilator  
  17  0:52  Probe  
  18  1:01  Assimilator, Probe  
  18  1:09  Probe  
  20  1:19  Probe  
  21  1:31  Probe  
  21  1:32  Cybernetics Core  
  22  1:37  Pylon  
  22  1:43  Probe  
  23  1:59  Nexus  
  23  2:05  Probe  
  24  2:11  Warp Gate  
  24  2:14  Gateway  
  24  2:26  Pylon  
  24  2:32  Adept  
  26  2:41  Probe  
  27  2:50  Twilight Council  
  27  2:53  Probe  
  28  3:03  Probe  
  29  3:08  Probe  
  29  3:11  Probe  
  30  3:16  Probe  
  30  3:19  Probe  
  31  3:24  Robotics Facility  
  31  3:26  Probe  
  33  3:31  Charge, Probe  
  35  3:38  Probe  
  36  3:41  Forge  
  36  3:43  Probe  
  36  3:48  Pylon  
  37  3:49  Pylon  
  37  3:50  Probe  
  38  3:55  Probe  
  38  4:02  Probe  
  40  4:05  Gateway  
  40  4:08  Gateway  
  40  4:12  Gateway  
  40  4:18  Protoss Ground Weapons Level 1  
  40  4:19  Adept x2  
  44  4:26  Pylon  
  44  4:28  Pylon  
  44  4:34  Warp Prism  
  46  4:43  Zealot x2  
  50  5:09  Zealot x4  
  50  5:10  Zealot  
  60  5:34  Nexus  
  60  5:36  Pylon  
  60  5:41  Forge  
  60  5:43  Probe x2  
  60  5:44  Photon Cannon  
  60  5:47  Assimilator  
  62  5:51  Assimilator  
  62  5:52  Pylon, Probe  
  62  5:55  Probe  
  64  6:00  Probe  
  65  6:07  Probe  
  65  6:09  Templar Archives, Probe  
  66  6:14  Immortal  
  67  6:19  Probe  
  67  6:21  Probe  
  67  6:24  Protoss Shields Level 1  
  73  6:31  Probe  
  74  6:33  Probe  
  74  6:36  Stalker, Protoss Ground Weapons Level 2  
  74  6:39  Stalker  
  79  6:43  Probe  
  79  6:45  Probe  
  81  6:51  Stalker x2  
  81  6:53  Observer  
  86  6:55  Probe  
  86  6:58  Photon Cannon  
  86  7:01  Shield Battery  
  87  7:02  Stalker  
  87  7:06  Probe x2  
  87  7:08  Probe  
  92  7:12  Assimilator  
  92  7:14  High Templar x2  
  92  7:15  High Templar  
  98  7:16  High Templar  
  98  7:18  Assimilator  
  100  7:24  Gateway  
  100  7:28  Gateway  
  100  7:33  Blink  
  100  7:43  Probe x3  
  103  7:54  Gateway  
  103  7:55  Gateway, Probe  
  104  8:04  Shield Battery, Photon Cannon  
  104  8:10  Nexus  
  104  8:13  Pylon  
  104  8:32  Stalker x2  
  104  8:33  Stalker x5  
  115  8:42  Archon x2  
  109  9:02  Stalker x4  
  115  9:03  Stalker x4  
  125  9:10  Pylon  
  125  9:11  Pylon  
  125  9:12  Pylon  
  125  9:15  Protoss Ground Weapons Level 3, Nexus  
  125  9:16  Protoss Ground Armor Level 1, Pylon  
  125  9:17  Pylon  
  125  9:19  Pylon  
  125  9:30  Resonating Glaives  
  99  10:10  High Templar x4  
  99  10:12  Zealot x4  
  99  10:13  Zealot  
  93  10:24  Nexus  
  93  10:26  Photon Cannon  
  93  10:27  Photon Cannon  
  91  10:31  Photon Cannon x2  
  91  10:33  Photon Cannon x2  
  91  10:36  Shield Battery x2  
  91  10:39  Shield Battery  
  91  10:40  Shield Battery  
  91  10:43  High Templar x3  
  91  10:45  Pylon  
  91  10:48  Nexus  
  97  10:53  Psionic Storm  
  97  11:01  Archon x2  
  97  11:02  Archon  
  97  11:04  Probe x3  
  100  11:16  Probe x3  
  103  11:23  Assimilator  
  103  11:24  Zealot x2  
  103  11:25  Zealot x4  
  111  11:26  Zealot x3, Assimilator  
  111  11:28  Probe x2  
  111  11:29  Immortal  
  123  11:35  Robotics Bay  
  123  11:38  Robotics Facility  
  123  11:39  Robotics Facility  
  117  12:01  Protoss Ground Armor Level 2  
  114  12:05  Protoss Shields Level 2  
  114  12:07  Zealot x2  
  114  12:08  Zealot x5  
  116  12:09  Zealot x2  
  116  12:35  Immortal x3  
  114  12:39  Zealot x3  
  114  12:40  Zealot x5  
  130  12:50  Probe x4  
  146  13:02  Probe x2  
  146  13:05  Probe x2  
  150  13:08  High Templar x4  
  150  13:09  High Templar x3  
  164  13:14  Immortal, Probe x2  
  164  13:18  Archon x2  
  164  13:19  Archon x2  
  170  13:40  Nexus  
  168  13:41  Photon Cannon  
  168  13:43  Photon Cannon  
  168  13:44  Photon Cannon  
  156  14:17  High Templar x6  
  158  14:18  High Templar x2  
  172  14:24  Archon  
  172  14:25  Archon x2  
  172  14:26  Archon  
  156  14:39  Warp Prism  
  156  14:40  Warp Prism  
  156  14:41  Immortal  
  102  15:16  Immortal x2  
  102  15:19  Stalker  
  102  15:20  Immortal  
  116  15:21  Zealot x3  
  116  15:22  Zealot x4  
  116  15:25  Protoss Shields Level 3  
  130  15:28  Protoss Ground Armor Level 3  
  130  15:55  Immortal x2  
  138  15:57  Gravitic Drive  
  138  16:10  Stalker x4  
  138  16:11  Stalker x4  
  92  16:44  Zealot  
  92  16:45  Zealot x6  
  92  16:46  Zealot  
  108  16:58  Shield Battery  
  108  17:00  Shield Battery  
  108  17:02  Shield Battery  
  108  17:03  Shield Battery  
  108  17:04  Immortal x3  
  108  17:05  Shield Battery  
  108  17:07  Shield Battery  
  120  17:24  High Templar x4  
  120  17:25  High Templar x4  
  136  17:36  Archon x3  
  136  17:37  Archon  
  136  17:43  Immortal  
  140  17:56  Nexus  
  126  18:57  Immortal  
  126  18:58  Immortal x2  
  136  19:04  Pylon  
  136  19:08  Assimilator  
  136  19:09  High Templar x4  
  144  19:10  High Templar x3, Assimilator  
  144  19:12  Zealot  
  152  19:25  Archon x2  
  152  19:26  Archon  
  152  19:37  Immortal x3  
  164  20:16  Stalker  
  164  20:17  Stalker x5  
  164  20:18  Stalker x2  
Show
View Real Time Build Order
Export as new Build Order

RastaMon Protoss - Winner!

Build Orders:  

Get SALT Encoding   

  12  0:03  Probe  
  13  0:15  Probe  
  13  0:21  Pylon  
  14  0:27  Probe  
  15  0:37  Probe  
  15  0:42  Gateway  
  16  0:45  Probe  
  17  0:51  Assimilator  
  17  0:53  Probe  
  17  1:02  Assimilator  
  18  1:12  Probe  
  18  1:16  Gateway  
  19  1:20  Probe  
  20  1:30  Probe  
  21  1:40  Cybernetics Core  
  21  1:42  Probe  
  21  1:43  Pylon  
  22  1:54  Probe  
  23  2:07  Probe  
  24  2:12  Pylon  
  24  2:18  Gateway  
  24  2:25  Stalker  
  24  2:26  Shield Battery  
  24  2:34  Stalker  
  27  2:46  Probe  
  28  2:54  Stalker  
  30  3:01  Twilight Council  
  30  3:08  Pylon  
  30  3:10  Sentry  
  30  3:11  Sentry  
  34  3:24  Pylon  
  34  3:26  Stalker  
  36  3:44  Probe  
  36  3:45  Stalker  
  36  3:47  Robotics Facility  
  39  4:02  Probe  
  40  4:08  Blink  
  38  4:19  Probe  
  37  4:29  Sentry  
  36  4:50  Warp Gate  
  32  5:03  Probe  
  33  5:13  Nexus  
  33  5:14  Probe  
  34  5:22  Probe  
  35  5:30  Probe  
  36  5:36  Pylon  
  36  5:41  Probe  
  36  5:46  Gateway  
  36  5:48  Gateway  
  37  5:53  Immortal  
  41  6:20  Pylon  
  41  6:23  Gateway  
  41  6:26  Probe  
  41  6:28  Gateway, Probe  
  43  6:34  Probe  
  43  6:36  Probe  
  43  6:39  Immortal  
  48  6:45  Shield Battery  
  49  6:51  Pylon  
  49  7:02  Stalker  
  49  7:03  Stalker  
  53  7:10  Probe x2  
  55  7:15  Shield Battery  
  55  7:28  Probe x2  
  55  7:36  Probe x2  
  57  7:43  Assimilator  
  59  7:45  Probe  
  59  7:46  Probe  
  59  7:47  Assimilator  
  61  7:58  Probe x2  
  63  8:00  Stargate  
  63  8:03  Stargate  
  63  8:04  Warp Prism  
  65  8:26  Probe  
  66  8:41  Probe  
  66  8:43  Nexus  
  67  8:53  Probe  
  67  8:54  Probe  
  69  8:59  Fleet Beacon  
  69  9:00  Pylon  
  69  9:05  Probe  
  70  9:17  Pylon  
  70  9:18  Probe x2  
  70  9:20  Pylon  
  70  9:24  Pylon  
  72  9:27  Assimilator  
  72  9:30  Probe x2  
  74  9:31  Assimilator  
  74  9:34  Forge  
  74  9:39  Pylon  
  74  9:41  Pylon  
  74  9:42  Probe  
  74  9:43  Pylon, Probe  
  80  9:54  Probe  
  80  9:55  Probe  
  82  10:04  Probe  
  82  10:07  Probe x2  
  85  10:12  Photon Cannon  
  85  10:14  Void Ray  
  85  10:15  Photon Cannon  
  85  10:17  Void Ray  
  85  10:20  Probe x2  
  91  10:37  Probe x2  
  91  10:38  Probe  
  94  10:45  Probe x2  
  94  10:49  Photon Cannon  
  96  10:50  Probe  
  96  10:52  Shield Battery  
  96  10:53  Probe  
  96  10:54  Void Ray  
  96  10:55  Void Ray  
  97  10:57  Stalker  
  97  10:58  Stalker x4  
  97  10:59  Stalker  
  118  11:32  Stargate  
  118  11:34  Stargate  
  118  11:37  Pylon  
  118  11:38  Pylon  
  118  11:41  Pylon  
  86  12:33  Stalker x2  
  86  12:34  Stalker x4  
  86  12:36  Void Ray x4  
  112  13:02  Pylon  
  112  13:06  Observer  
  113  13:13  Void Ray  
  116  13:33  Void Ray  
  116  13:34  Void Ray  
  116  13:43  Void Ray  
  128  14:07  Void Ray  
  132  14:15  Void Ray  
  131  14:44  Void Ray x2  
  131  14:45  Void Ray  
  131  14:49  Void Ray  
  137  15:08  Stargate  
  137  15:11  Stargate  
  137  15:13  Stargate  
  131  15:16  Stargate  
  129  15:27  Immortal  
  133  15:38  Nexus  
  133  15:40  Pylon  
  133  15:42  Void Ray  
  133  15:43  Void Ray  
  132  15:52  Void Ray  
  132  15:53  Void Ray  
  152  16:11  Immortal  
  152  16:18  Charge  
  152  16:19  Zealot x6  
  160  16:56  Void Ray x2  
  160  16:57  Void Ray  
  172  17:04  Zealot x4  
  172  17:05  Zealot x2  
  184  17:14  Protoss Ground Weapons Level 1  
  184  17:15  Nexus  
  172  17:43  Pylon  
  170  17:46  Void Ray x2, Pylon  
  170  17:47  Void Ray  
  170  17:48  Pylon  
  170  17:52  Pylon  
  124  18:05  Stalker  
  124  18:06  Stalker  
  124  18:07  Stalker x4  
  99  18:50  Zealot x3  
  99  18:51  Zealot x3  
  99  18:55  Nexus  
  111  19:01  Pylon  
  111  19:03  Pylon  
  111  19:05  Pylon  
  111  19:09  Pylon  
  111  19:25  Stalker x5  
  111  19:26  Stalker  
  123  19:52  Forge  
  123  19:56  Assimilator  
  123  19:59  Assimilator  
  123  20:02  Zealot  
  123  20:03  Zealot x3  
  123  20:04  Zealot  
  133  20:09  Warp Prism  
  95  20:41  Templar Archives  
  95  20:46  Gateway  
  95  20:50  Gateway  
Tags
 
Add a new tag
Caveats
  • Supply blocks, unpowered buildings, or Contaminate may cause inaccurate times.
  • Supply counts are checked every 10 seconds.